Map: Efflorescence LE

Players

Coi - Winner!

  • Race: Terran Terran
  • League: Diamond
  • Spawn Location: 3:00

TraderGide - Winner!

  • Race: Protoss Protoss
  • Spawn Location: 12:00

Nigrnog

  • Race: Zerg Zerg
  • League: Gold
  • Spawn Location: 9:00

MooEsqoo

  • Race: Protoss Protoss
  • Spawn Location: 6:00

VOD

Have the link to the VOD?

Description

Time

  • Played on: Feb. 4, 2020, 5:32 a.m.
  • Length: 18:14
Show
View Real Time Build Order
Export as new Build Order

Coi Terran - Winner!

Build Orders:  

Get SALT Encoding   

  12  0:03  SCV  
  13  0:15  SCV  
  14  0:24  Supply Depot  
  14  0:27  SCV  
  15  0:45  SCV  
  15  0:48  Barracks  
  16  0:51  Refinery  
  16  0:54  Refinery  
  16  0:58  SCV  
  17  1:10  SCV  
  18  1:22  SCV  
  19  1:34  SCV  
  20  1:45  Marine  
  21  1:48  Factory  
  21  1:49  Orbital Command  
  21  2:01  Bunker  
  21  2:03  Marine  
  22  2:20  SCV  
  23  2:23  Supply Depot  
  23  2:37  Supply Depot  
  23  2:42  Starport  
  23  2:44  Marine  
  23  2:50  Factory Tech Lab  
  24  2:53  SCV  
  25  3:02  Marine  
  25  3:05  SCV  
  27  3:17  SCV  
  27  3:28  Fusion Core  
  27  3:33  Widow Mine  
  29  3:40  Supply Depot  
  29  3:55  Widow Mine  
  31  4:01  Command Center  
  31  4:15  Battlecruiser  
  31  4:16  Widow Mine  
  39  4:28  Weapon Refit  
  39  4:32  SCV  
  39  4:38  Supply Depot, Widow Mine  
  40  4:56  SCV  
  41  5:08  SCV  
  42  5:19  Battlecruiser  
  48  5:22  SCV  
  49  5:48  SCV  
  49  5:49  SCV  
  51  6:01  SCV x2  
  53  6:13  SCV x2  
  55  6:25  SCV  
  51  6:26  Orbital Command  
  51  6:28  Battlecruiser  
  56  6:37  SCV  
  57  6:41  Starport  
  57  6:49  SCV  
  57  6:52  SCV  
  57  6:53  Supply Depot, Starport  
  59  7:01  SCV  
  59  7:02  Armory  
  59  7:04  SCV  
  61  7:13  SCV  
  61  7:15  Refinery x2  
  62  7:16  SCV  
  63  7:25  SCV  
  63  7:28  SCV  
  65  7:40  Starport Tech Lab x2  
  65  7:44  Factory Reactor  
  65  7:50  SCV x2  
  67  7:52  Factory  
  67  8:02  SCV x2  
  69  8:12  Command Center  
  69  8:14  SCV x2  
  69  8:19  Battlecruiser  
  77  8:26  SCV  
  78  8:27  Supply Depot  
  78  8:28  Supply Depot  
  78  8:30  Supply Depot x2  
  78  8:39  Factory Tech Lab  
  78  8:49  Battlecruiser, SCV  
  78  8:50  Widow Mine x2  
  78  8:55  Terran Vehicle Weapons Level 1  
  89  9:01  Drilling Claws  
  89  9:06  Widow Mine  
  91  9:21  Widow Mine x2  
  91  9:23  SCV x2  
  97  9:34  Widow Mine  
  97  9:35  SCV x2  
  97  9:36  Engineering Bay  
  101  9:39  Refinery  
  101  9:41  Battlecruiser  
  101  9:44  Refinery  
  107  9:47  SCV  
  108  10:13  Widow Mine x3  
  120  10:14  Battlecruiser  
  120  10:34  Widow Mine  
  109  10:51  Widow Mine x2  
  109  10:52  Battlecruiser  
  119  11:02  Planetary Fortress  
  119  11:03  Command Center, SCV  
  119  11:04  SCV  
  121  11:13  Factory  
  121  11:16  SCV x2  
  122  11:33  Widow Mine  
  122  11:39  Command Center  
  124  11:56  Widow Mine x2, Battlecruiser x2  
  124  11:57  Supply Depot x3  
  124  11:58  Supply Depot  
  140  12:08  Refinery  
  140  12:09  Factory Reactor  
  140  12:12  Refinery  
  140  12:15  Widow Mine, SCV x3  
  145  12:17  Widow Mine  
  145  12:18  Widow Mine  
  149  12:27  SCV x2  
  149  12:29  Armory  
  151  12:42  Refinery  
  151  12:48  Refinery  
  111  13:43  Planetary Fortress  
  111  13:44  SCV x3  
  114  13:56  SCV x3  
  114  13:59  Missile Turret  
  114  14:00  Missile Turret x2  
  114  14:01  Missile Turret  
  114  14:02  Missile Turret x2  
  117  14:06  Missile Turret x2  
  117  14:07  Missile Turret  
  117  14:08  Missile Turret x2, SCV x2  
  119  14:10  Battlecruiser x2  
  119  14:12  Battlecruiser  
  137  14:22  Widow Mine x2  
  137  14:23  Widow Mine x2  
  145  14:25  Missile Turret  
  145  14:27  Missile Turret x2, SCV x2  
  145  14:28  SCV  
  145  14:29  Missile Turret x3  
  145  14:30  Missile Turret  
  148  14:33  Missile Turret x2  
  148  14:34  Missile Turret  
  148  14:35  Terran Ship Weapons Level 1  
  148  14:36  Terran Vehicle And Ship Armor Level 1  
  148  14:40  Widow Mine  
  148  14:44  Widow Mine  
  152  14:47  Widow Mine x2  
  152  14:52  Planetary Fortress  
  156  14:53  Starport  
  156  14:54  Starport  
  156  14:58  Hi-Sec Auto Tracking  
  156  15:18  Widow Mine x2  
  156  15:19  Widow Mine  
  162  15:28  Missile Turret  
  162  15:30  Command Center, Missile Turret  
  162  15:34  Battlecruiser  
  168  15:38  Starport Tech Lab x2, SCV x3  
  168  15:39  SCV x2  
  173  15:43  Missile Turret  
  173  15:50  Battlecruiser, SCV x2  
  173  15:51  SCV  
  182  16:00  Battlecruiser  
  188  16:06  Battlecruiser  
  178  16:45  Battlecruiser x2  
  178  16:46  Widow Mine x2  
  178  16:47  Widow Mine x3  
Show
View Real Time Build Order
Export as new Build Order

TraderGide Protoss - Winner!

Build Orders:  

Get SALT Encoding   

  12  0:01  Probe (Chrono Boost)  
  13  0:11  Probe (Chrono Boost)  
  14  0:20  Pylon  
  14  0:27  Probe  
  15  0:39  Probe  
  16  0:43  Gateway  
  16  0:54  Assimilator  
  16  1:11  Probe (Chrono Boost)  
  17  1:20  Probe (Chrono Boost)  
  18  1:26  Gateway  
  18  1:33  Assimilator  
  18  1:50  Cybernetics Core  
  18  1:55  Probe  
  19  2:10  Pylon, Nexus  
  19  2:17  Pylon  
  19  2:29  Adept x2  
  23  2:38  Probe (Chrono Boost)  
  23  2:39  Assimilator  
  24  3:00  Probe  
  24  3:04  Warp Gate (Chrono Boost)  
  25  3:12  Probe (Chrono Boost)  
  26  3:14  Robotics Facility  
  25  3:23  Probe (Chrono Boost)  
  26  3:28  Probe (Chrono Boost)  
  26  3:32  Stargate  
  27  3:38  Assimilator, Probe  
  27  3:40  Probe  
  29  3:50  Probe  
  29  3:52  Probe  
  29  3:53  Sentry  
  33  3:59  Shield Battery  
  33  4:04  Probe x2  
  35  4:12  Stargate  
  36  4:20  Probe (Chrono Boost)  
  36  4:21  Probe (Chrono Boost)  
  37  4:28  Assimilator  
  37  4:30  Probe (Chrono Boost)  
  39  4:32  Probe (Chrono Boost)  
  39  4:35  Probe (Chrono Boost)  
  39  4:38  Pylon  
  40  4:41  Probe  
  41  4:51  Phoenix, Protoss Air Weapons Level 1 (Chrono Boost)  
  43  4:56  Phoenix  
  43  4:59  Probe (Chrono Boost)  
  47  5:04  Probe (Chrono Boost)  
  47  5:09  Probe (Chrono Boost)  
  47  5:13  Probe (Chrono Boost), Adept x2  
  53  5:23  Phoenix  
  53  5:25  Phoenix  
  57  5:48  Phoenix  
  59  5:50  Fleet Beacon  
  59  5:53  Pylon  
  59  5:56  Cybernetics Core  
  59  6:00  Probe x2  
  61  6:10  Pylon  
  61  6:12  Probe x2  
  61  6:15  Phoenix  
  61  6:18  Phoenix  
  67  6:52  Anion Pulse-Crystals  
  67  6:54  Phoenix x2  
  71  7:12  Probe  
  72  7:16  Protoss Air Armor Level 1 (Chrono Boost)  
  72  7:50  Pylon, Phoenix x2  
  76  7:51  Nexus  
  76  7:54  Assimilator  
  76  7:57  Stargate  
  76  7:58  Assimilator  
  76  8:02  Pylon  
  76  8:05  Pylon  
  76  8:08  Pylon  
  76  8:19  Phoenix x2, Protoss Air Weapons Level 2 (Chrono Boost)  
  80  8:26  Stargate  
  80  8:33  Forge  
  80  8:40  Probe (Chrono Boost)  
  80  8:41  Probe (Chrono Boost)  
  82  8:51  Probe x2 (Chrono Boost)  
  84  8:55  Probe x2 (Chrono Boost)  
  84  8:56  Phoenix  
  88  9:06  Probe  
  88  9:07  Probe, Mothership  
  98  9:18  Probe  
  98  9:19  Photon Cannon, Probe  
  98  9:20  Photon Cannon  
  98  9:22  Photon Cannon  
  100  9:24  Photon Cannon  
  100  9:28  Photon Cannon  
  100  9:30  Probe  
  101  9:31  Photon Cannon  
  101  9:32  Probe  
  101  9:38  Photon Cannon  
  102  9:41  Photon Cannon  
  102  9:42  Probe  
  102  9:44  Probe, Shield Battery  
  104  9:47  Shield Battery  
  104  9:50  Shield Battery  
  104  9:57  Protoss Air Armor Level 2 (Chrono Boost), Phoenix x2  
  108  10:44  Protoss Air Weapons Level 3 (Chrono Boost)  
  108  11:09  Probe x3  
  111  11:21  Probe, Nexus  
  112  11:25  Assimilator  
  112  11:30  Assimilator  
  112  11:33  Pylon  
  112  11:36  Pylon  
  112  11:38  Pylon  
  112  11:41  Pylon, Phoenix  
  112  11:42  Phoenix x3  
  120  11:52  Stargate  
  120  11:54  Stargate  
  120  11:57  Stargate  
  120  11:58  Stargate  
  120  11:59  Pylon, Photon Cannon  
  120  12:01  Photon Cannon  
  120  12:03  Pylon x2, Photon Cannon  
  120  12:05  Pylon, Photon Cannon  
  120  12:06  Phoenix  
  120  12:07  Pylon  
  120  12:08  Photon Cannon  
  122  12:11  Pylon, Photon Cannon  
  122  12:13  Photon Cannon  
  122  12:16  Shield Battery  
  122  12:20  Shield Battery  
  122  12:23  Shield Battery  
  122  12:27  Protoss Air Armor Level 3 (Chrono Boost)  
  116  13:19  Void Ray x5  
  120  13:20  Void Ray x3  
  148  13:47  Unknown  
  152  14:03  Void Ray x2 (Chrono Boost)  
  152  14:07  Void Ray x2 (Chrono Boost)  
  152  14:08  Void Ray x3 (Chrono Boost)  
  152  14:09  Void Ray (Chrono Boost)  
  170  14:42  Void Ray x2 (Chrono Boost)  
  178  14:45  Void Ray (Chrono Boost)  
  198  15:09  Pylon  
  198  15:33  Carrier x3  
Show
View Real Time Build Order
Export as new Build Order

Nigrnog Zerg 

Build Orders: Pool First 

Get SALT Encoding   

  12  0:02  Drone  
  13  0:11  Extractor  
  13  0:12  Drone  
  13  0:18  Drone  
  14  0:35  Spawning Pool  
  13  0:43  Overlord  
  13  0:48  Drone  
  14  1:01  Drone  
  14  1:02  Drone  
  16  1:07  Drone  
  17  1:16  Drone  
  18  1:23  Queen  
  20  1:27  Drone  
  21  1:35  Metabolic Boost  
  21  1:39  Zergling x2  
  22  1:52  Overlord  
  22  1:57  Extractor  
  21  2:05  Drone  
  22  2:15  Hatchery  
  21  2:18  Drone  
  22  2:29  Lair  
  21  2:40  Drone x2  
  21  2:43  Drone  
  24  2:50  Drone x2  
  26  2:53  Zergling x2  
  27  3:17  Drone  
  27  3:19  Drone  
  29  3:25  Hatchery, Overlord  
  28  3:38  Drone x2  
  28  3:39  Drone x2  
  32  3:46  Overseer  
  32  3:56  Spire  
  32  3:59  Spore Crawler  
  30  4:04  Drone  
  31  4:14  Queen  
  33  4:18  Drone  
  33  4:21  Drone  
  35  4:26  Drone x2  
  37  4:34  Drone x3  
  37  4:37  Drone  
  37  4:38  Drone  
  42  4:42  Spore Crawler  
  42  4:45  Drone  
  42  4:46  Drone  
  43  4:53  Drone x3  
  43  4:59  Drone x3  
  49  5:04  Overlord  
  49  5:18  Extractor  
  49  5:19  Extractor, Drone x2  
  49  5:20  Overlord x3  
  49  5:22  Overlord  
  49  5:28  Queen  
  49  5:34  Corruptor  
  53  5:39  Corruptor  
  53  5:40  Mutalisk  
  57  5:48  Mutalisk x2  
  61  5:50  Mutalisk  
  61  5:56  Mutalisk x2  
  67  5:59  Mutalisk  
  68  6:25  Corruptor  
  64  6:28  Drone x7  
  73  6:40  Extractor x2  
  71  6:50  Hatchery  
  71  6:53  Hatchery  
  69  7:00  Mutalisk x3  
  69  7:01  Mutalisk  
  75  7:08  Drone x3  
  80  7:10  Drone x5  
  85  7:21  Drone x2  
  85  7:22  Corruptor  
  89  7:37  Overlord x6  
  89  7:45  Pneumatized Carapace  
  89  7:47  Drone  
  89  7:49  Overlord x4  
  91  7:58  Drone  
  91  8:10  Corruptor  
  91  8:11  Corruptor x3  
  99  8:18  Drone x2  
  99  8:19  Infestation Pit  
  100  8:22  Queen  
  100  8:27  Queen  
  104  8:36  Queen  
  104  8:40  Mutalisk x3  
  112  8:42  Mutalisk  
  114  8:53  Mutalisk x2  
  118  9:04  Spore Crawler  
  118  9:07  Spore Crawler  
  118  9:08  Spore Crawler x2  
  114  9:12  Spore Crawler x2  
  114  9:13  Spore Crawler  
  114  9:14  Spore Crawler  
  110  9:18  Drone x3  
  110  9:23  Mutalisk  
  110  9:24  Mutalisk x3  
  121  9:42  Spore Crawler x2  
  121  9:44  Spore Crawler x2  
  121  9:45  Drone x4, Overlord x3  
  121  9:48  Spore Crawler  
  121  9:49  Drone x4  
  124  10:00  Corruptor x2  
  124  10:01  Mutalisk  
  124  10:04  Mutalisk  
  132  10:07  Mutalisk  
  132  10:11  Zerg Flyer Weapons Level 1  
  134  10:16  Hive  
  134  10:27  Drone x7  
  134  10:28  Drone  
  142  10:33  Extractor  
  142  10:34  Extractor  
  122  10:49  Corruptor x4  
  100  11:09  Spore Crawler  
  100  11:10  Drone x3  
  102  11:13  Mutalisk x6  
  114  11:18  Drone x3  
  114  11:19  Drone x4  
  114  11:22  Drone  
  114  11:23  Drone x2  
  114  11:24  Drone  
  125  11:26  Drone  
  125  11:27  Drone  
  127  11:33  Corruptor  
  129  11:49  Drone x6  
  129  11:50  Drone x8  
  143  11:58  Corruptor x2  
  143  11:59  Corruptor  
  143  12:00  Corruptor  
  151  12:06  Mutalisk x3  
  157  12:14  Drone x3, Spire  
  157  12:15  Drone  
  160  12:16  Drone  
  160  12:17  Overlord  
  161  12:24  Greater Spire  
  161  12:29  Spire  
  154  12:37  Corruptor  
  154  12:41  Drone  
  154  12:42  Drone x7, Overlord x2  
  154  12:43  Overlord  
  159  12:48  Spore Crawler  
  146  13:02  Corruptor x2, Mutalisk  
  146  13:03  Corruptor x2  
  146  13:15  Spore Crawler  
  146  13:17  Spore Crawler  
  146  13:18  Mutalisk x3, Spore Crawler  
  147  13:21  Spore Crawler  
  143  13:35  Spore Crawler  
  143  13:38  Hatchery  
  142  13:42  Hatchery  
  142  13:43  Corruptor x2  
  145  13:59  Drone x3  
  145  14:00  Drone x6  
  145  14:01  Drone  
  155  14:05  Drone  
  155  14:06  Drone x2  
  155  14:07  Drone  
  155  14:08  Drone  
  160  14:15  Brood Lord  
  162  14:17  Brood Lord  
  162  14:20  Drone x2  
  162  14:21  Drone  
  167  14:33  Spore Crawler  
  167  14:34  Spore Crawler  
  167  14:35  Queen  
  167  14:36  Spore Crawler  
  167  14:37  Queen  
  168  14:50  Extractor  
  167  14:53  Extractor  
  167  14:54  Spore Crawler  
  167  14:57  Spore Crawler  
  167  14:58  Spore Crawler x2  
  167  14:59  Spore Crawler x2  
  160  15:01  Spore Crawler x2  
  160  15:02  Spore Crawler  
  160  15:04  Drone, Spore Crawler  
  157  15:13  Queen x2  
  162  15:14  Drone  
  162  15:15  Drone  
  163  15:29  Extractor  
  163  15:30  Mutalisk x5  
  163  15:31  Mutalisk  
  174  15:36  Zerg Flyer Armor Level 1  
  174  15:38  Drone x3  
  177  15:44  Spore Crawler  
  177  15:46  Spore Crawler  
  177  15:48  Drone x5, Spore Crawler  
  179  15:51  Spore Crawler  
  179  15:54  Spore Crawler  
  177  16:00  Mutalisk x3  
  177  16:01  Mutalisk  
  185  16:05  Drone x2  
  187  16:14  Drone x6  
  187  16:15  Drone x4  
  197  16:21  Drone  
  198  16:36  Corruptor x2  
  196  16:46  Corruptor  
  166  16:47  Corruptor x6  
  180  16:54  Corruptor x2  
  180  16:55  Corruptor  
  176  17:03  Corruptor, Mutalisk x2  
  152  17:15  Corruptor  
  152  17:16  Corruptor x2  
  122  18:00  Drone  
Show
View Real Time Build Order
Export as new Build Order

MooEsqoo Protoss 

Build Orders: Oracle Opening, Carriers 

Get SALT Encoding   

  12  0:03  Probe  
  13  0:17  Probe  
  14  0:22  Pylon  
  14  0:29  Probe  
  15  0:44  Gateway  
  15  0:48  Probe  
  16  0:54  Assimilator  
  16  1:02  Probe (Chrono Boost)  
  18  1:12  Probe (Chrono Boost)  
  18  1:17  Probe (Chrono Boost)  
  19  1:28  Probe  
  20  1:37  Zealot  
  22  1:42  Cybernetics Core  
  22  2:25  Probe  
  23  2:30  Stargate  
  23  2:33  Gateway  
  23  2:34  Gateway  
  23  2:38  Assimilator  
  23  2:42  Pylon  
  23  2:44  Pylon  
  23  2:46  Pylon  
  23  2:48  Pylon  
  23  3:00  Probe, Stalker  
  23  3:03  Warp Gate  
  26  3:12  Probe  
  27  3:21  Stalker  
  27  3:22  Stalker  
  31  3:31  Probe  
  32  3:43  Probe  
  32  3:47  Oracle (Chrono Boost)  
  36  3:57  Pylon  
  36  4:01  Probe  
  37  4:05  Zealot x3  
  43  4:13  Probe  
  43  4:14  Robotics Facility  
  44  4:26  Probe  
  42  5:06  Nexus  
  42  5:10  Assimilator  
  42  5:14  Assimilator  
  42  5:18  Pylon  
  42  5:40  Nexus  
  42  5:41  Pylon  
  42  5:42  Stalker  
  42  5:45  Pylon  
  34  6:04  Phoenix  
  30  6:18  Probe  
  31  6:32  Probe  
  32  6:43  Probe  
  32  6:44  Probe  
  34  6:56  Probe (Chrono Boost)  
  35  7:04  Probe (Chrono Boost)  
  35  7:08  Probe (Chrono Boost)  
  37  7:12  Stalker x2  
  37  7:13  Stalker  
  37  7:14  Phoenix (Chrono Boost), Probe (Chrono Boost)  
  47  7:15  Probe (Chrono Boost)  
  47  7:19  Probe (Chrono Boost)  
  47  7:21  Probe  
  47  7:25  Shield Battery  
  47  7:27  Shield Battery  
  45  7:37  Phoenix (Chrono Boost)  
  45  7:43  Probe  
  48  7:44  Probe  
  49  7:54  Phoenix (Chrono Boost)  
  49  7:55  Probe  
  49  7:56  Probe  
  53  8:07  Probe  
  53  8:08  Probe  
  53  8:10  Stalker x2  
  59  8:16  Phoenix (Chrono Boost)  
  61  8:20  Probe  
  61  8:21  Probe  
  63  8:33  Probe x2  
  65  8:45  Probe x2  
  67  8:54  Stalker x3  
  73  9:15  Nexus  
  73  9:18  Gateway, Shield Battery  
  73  9:19  Shield Battery  
  73  9:20  Shield Battery  
  73  9:35  Phoenix (Chrono Boost)  
  75  9:44  Assimilator, Probe x2  
  77  9:48  Assimilator  
  77  9:51  Phoenix (Chrono Boost)  
  77  9:56  Probe x2  
  77  9:57  Sentry x2  
  85  10:08  Probe x2  
  85  10:11  Shield Battery  
  87  10:15  Pylon  
  87  10:20  Probe x2  
  89  10:38  Stalker x3  
  93  11:13  Fleet Beacon  
  93  11:16  Stargate  
  93  11:17  Stargate  
  93  11:27  Probe  
  93  11:28  Probe x2  
  96  11:39  Stalker x2  
  101  11:40  Probe x3, Stalker  
  105  11:50  Phoenix  
  105  11:52  Probe  
  108  11:59  Protoss Air Weapons Level 1 (Chrono Boost)  
  108  12:06  Shield Battery  
  108  12:07  Shield Battery  
  108  12:08  Carrier x2 (Chrono Boost)  
  120  12:25  Pylon  
  120  12:27  Pylon, Observer (Chrono Boost)  
  120  12:28  Pylon  
  121  12:30  Pylon  
  121  12:32  Pylon  
  121  12:40  Warp Prism (Chrono Boost)  
  121  12:44  Carrier (Chrono Boost)  
  129  12:48  Stalker  
  129  12:49  Stalker x2  
  135  13:14  Immortal  
  115  13:36  Carrier (Chrono Boost)  
  115  13:37  Carrier x2 (Chrono Boost)  
  133  13:43  Stalker  
  133  13:44  Stalker x2  
  139  13:55  Probe x3  
  142  14:07  Probe x2  
  142  14:08  Nexus  
  144  14:10  Pylon  
  144  14:14  Assimilator  
  144  14:19  Assimilator  
  144  14:31  Carrier x2 (Chrono Boost)  
  144  14:36  Carrier (Chrono Boost)  
  162  14:51  Protoss Air Weapons Level 2 (Chrono Boost)  
  162  15:26  Carrier x3 (Chrono Boost)  
  180  16:01  Forge  
  180  16:07  Forge  
  180  16:18  Carrier (Chrono Boost)  
  185  16:31  Carrier  
  185  16:32  Carrier  
  74  17:18  Nexus  
Tags
 
Add a new tag
Caveats
  • Supply blocks, unpowered buildings, or Contaminate may cause inaccurate times.
  • Supply counts are checked every 10 seconds.